 Dungeon Crawl Stone Soup version 0.27.1-1-g398f81649c (webtiles) character file.

Game seed: 11686655644622061036

34 Descartes the Sneak (level 3, -1/16 HPs)
             Began as a Spriggan Venom Mage on Sept 8, 2021.
             Slain by an orc (5 damage)
             ... on level 2 of the Dungeon.
             The game lasted 00:03:46 (1536 turns).

Descartes the Sneak (Spriggan Venom Mage)           Turns: 1536, Time: 00:03:46

Health: -1/16      AC:  2    Str:  5    XL:     3   Next: 14%
Magic:  5/8        EV: 17    Int: 16    God:
Gold:   48         SH:  0    Dex: 15    Spells: 7/8 levels left

rFire    . . .     SeeInvis +   h - +0 dagger
rCold    . . .     Faith    .   (shield restricted)
rNeg     . . .     Spirit   .   a - +0 robe
rPois    .         Reflect  .   (helmet restricted)
rElec    .         Harm     .   (no cloak)
rCorr    .         Rampage  .   (gloves unavailable)
Will     .....                  (boots unavailable)
Stlth    ++........             (no amulet)
HPRegen  0.05/turn              (no ring)
MPRegen  0.11/turn              (no ring)

@: about to teleport, very quick
A: very small, no large weapons, unfitting armour, see invisible, speed 3
a: no special abilities


You were on level 2 of the Dungeon.
You visited 1 branch of the dungeon, and saw 3 of its levels.

You collected 48 gold pieces.

Inventory:

Hand Weapons
 h - a +0 dagger (weapon)
 l - a +0 hunting sling
Missiles
 b - 15 poisoned darts
 g - 17 arrows
 j - 42 bolts
 k - 2 stones
Armour
 a - a +0 robe (worn)
Jewellery
 m - an amulet of guardian spirit
Scrolls
 d - a scroll of identify {unknown}
 i - a scroll of teleportation
Potions
 c - a potion of curing {unknown}
 e - 2 potions of brilliance {unknown}
 f - a potion of haste {unknown}


   Skills:
 + Level 3.2 Dodging
 + Level 3.6 Stealth
 + Level 3.1 Spellcasting
 + Level 2.1 Transmutations
 + Level 3.3 Poison Magic


You had 7 spell levels left.
You knew the following spells:

 Your Spells              Type           Power      Damage    Failure   Level
a - Sting                 Tmut/Pois      44%        1d5       6%          1

Your spell library contained the following spells:

 Spells                   Type           Power      Damage    Failure   Level
 Poisonous Vapours        Pois/Air       14%        N/A       14%         2
 Mephitic Cloud           Conj/Pois/Air  6%         N/A       34%         3
 Olgreb's Toxic Radiance  Pois           13%        N/A       43%         4


Dungeon Overview and Level Annotations

Branches:
Dungeon (3/15)

Altars:


Innate Abilities, Weirdness & Mutations

You are very small and have problems with some larger weapons.
You are too small for most types of armour.
You have supernaturally acute eyesight. (SInv)
You cover ground extremely quickly. (Speed+++)


Message History

An endoplasm comes into view.
The endoplasm quivers.
You see here an amulet of guardian spirit.
m - an amulet of guardian spirit The adder misses you.
The adder closely misses you.
There is an escape hatch in the ceiling here.
The endoplasm hits you. The orc barely misses you.
The orc hits you with a +2 hand axe of electrocution.
A mysterious force pulls you upwards. The hatch slams shut behind you.
The jackal completely misses you. The jackal misses you.
Casting: Sting (safe; 6% risk of failure)
Confirm with . or Enter, or press ? or * to list all spells.
Aiming: Sting (safe; 6% risk of failure)
Press: ? - help, Shift-Dir - straight line, f - endoplasm
Aim: an endoplasm (98% to hit)
The sting hits the endoplasm but does no damage.
The endoplasm is poisoned.
The endoplasm jiggles.
The endoplasm closely misses you. The jackal bites you.
The adder closely misses you. The orc hits you with a +0 dagger.
The orc completely misses you.
Casting: Sting (safe; 6% risk of failure)
Confirm with . or Enter, or press ? or * to list all spells.
Aiming: Sting (safe; 6% risk of failure)
Press: ? - help, Shift-Dir - straight line, f - jackal, p - endoplasm
Aim: a jackal (64% to hit)
The sting hits the jackal.
The jackal is poisoned.
The jackal is lightly wounded.
The jackal completely misses you. The adder misses you.
The endoplasm barely misses you. The orc hits you with a +0 dagger.
* * * LOW HITPOINT WARNING * * *
The jackal misses you. The adder bites you but does no damage.
The orc barely misses you.
As you read the scroll labelled CUREUX QIDENT, it crumbles to dust.
You feel strangely unstable.
It was a scroll of teleportation.
The endoplasm completely misses you. The orc closely misses you.
The jackal barely misses you. The adder misses you.
The orc hits you with a +2 hand axe of electrocution.
You die...

#########
#........
#.!......
#h.......
#Jo......
#@oB.....
#hS......
####........
#####........... .
###.......########
.. #...###.### ...
##.### #.#
....##..# ..#
..†..<.## .###


You could see an adder, 2 orcs, an endoplasm (poisoned), 2 jackals and a giant
cockroach.

Vanquished Creatures
  An orc (D:3)
  7 ball pythons
  6 endoplasms
  A giant cockroach (D:1)
  3 goblins (D:1)
  A jackal (D:2)
  3 kobolds
  2 quokkas (D:1)
  2 bats (D:1)
  A frilled lizard (D:1)
  3 rats
30 creatures vanquished.

Notes
Turn   | Place    | Note
-------+----------+-------------------------------------------
     0 | D:1      | Descartes the Spriggan Venom Mage began the quest for the
                  | Orb.
     0 | D:1      | Reached XP level 1. HP: 9/9 MP: 5/5
   342 | D:1      | Reached XP level 2. HP: 13/13 MP: 3/6
   852 | D:1      | Found a faded altar of an unknown god.
  1408 | D:2      | Reached XP level 3. HP: 16/16 MP: 3/8
  1493 | D:2      | You fall into a shaft and drop 1 floor!
  1536 | D:2      | Slain by an orc

Illustrated notes

Levels and vault maps discovered:
D:1:      dpeg_arrival_shelter, layout_basic,
          hellmonk_ecumenical_altar_heavens_door, chequers_decorated_corner,
          st_stairs_9, serial_bayou_lake_a
D:2:      layout_rooms
D:3:      layout_loops_cross

Skill      XL: |  1  2 |
---------------+-------+-----
Dodging        | 3 |  3.2
Spellcasting   | 3 |  3.1
Transmutations | 2 |  2.1
Stealth        | |  3.6
Poison Magic   | |  3.3

Action                   || total
-------------------------++-------
 Cast: Sting             ||    57
  Use: Scroll            ||     1
Armor: Robe              ||     1
Dodge: Dodged            ||    32
